AoeStats
← サンテアゴ

Arena

509588141Analyzed
4v4 RM · 6d ago on Sep 27, 2026· 59m 52s· 8 players
Game mode
Random Map
Map size
Large (8 player)
Population
200
Speed
Normal
Resources
Standard
Victory
Conquest
Starting age
Dark Age
Ending age
Imperial Age
RankedLock teamsTeams togetherTeam positionsShared explorationLock speedFull tech treeHidden civsTurbo modeCheats
Victory
Defeat
🇹🇷 Berbers · Türkiye
1089
+13
🇹🇷 Varangians · Türkiye
1050
+14
🇹🇷 Franks · Türkiye
1011
+16
🇯🇵 Wu · Japan
971
+19
🇩🇪 Romans · Germany
1050
-17
🇭🇰 Khmer · Hong Kong SAR China
1020
-16
🇫🇷 Vietnamese · France
1001
-42
🇷🇴 Malians · Romania
984
-14
AysseR
10:38 Feudal Age
15:56 Castle Age
15:03 Double-Bit Axe
15:09 Horse Collar
19:26 Loom
19:56 Fletching
27:47 Imperial Age
26:45 Wheelbarrow
27:27 Bow Saw
27:41 Bodkin Arrow
27:48 Scale Mail Armor
28:04 Forging
28:19 Town Watch
32:06 Hand Cart
35:34 Town Patrol
35:41 Gold Mining
35:51 Pikeman
37:24 Chain Mail Armor
37:45 Iron Casting
39:08 Heavy Plow
42:36 Stone Mining
43:20 Plate Mail Armor
43:23 Crop Rotation
43:24 Ballistics
44:08 Chemistry
42:51 Treadmill Crane
43:22 Masonry
43:29 Squires
43:14 Arson
44:03 Conscription
47:18 Elite Gbeto
51:12 Tigui
Golos_Le_Gris
18:14 Feudal Age
19:33 Wheelbarrow
18:44 Town Watch
22:16 Horse Collar
22:25 Double-Bit Axe
35:41 Castle Age
39:12 Hand Cart
43:09 Husbandry
43:59 Bloodlines
46:23 Scale Barding Armor
46:42 Forging
54:42 Iron Casting
58:47 Chain Barding Armor
NiTiJo
3:46 Loom
11:24 Feudal Age
11:57 Double-Bit Axe
12:08 Horse Collar
17:31 Castle Age
17:03 Wheelbarrow
18:29 Heavy Plow
18:42 Bow Saw
20:47 Wheelbarrow
20:53 Wheelbarrow
20:03 Town Watch
23:03 Hand Cart
22:44 Gold Mining
22:45 Stone Mining
24:53 Gold Shaft Mining
26:09 Town Patrol
26:24 Town Patrol
30:55 Imperial Age
28:25 Town Patrol
31:25 Ballistics
32:15 Crop Rotation
32:20 Ballistas
32:39 Heavy Scorpion
35:34 Scale Mail Armor
35:44 Forging
36:02 Conscription
36:03 Squires
35:23 Pikeman
36:49 Chain Mail Armor
36:19 Halberdier
37:42 Iron Casting
37:37 Comitatenses
38:28 Man-at-Arms
41:01 Blast Furnace
48:28 Long Swordsman
tiagosacadura
11:27 Feudal Age
14:16 Castle Age
12:04 Double-Bit Axe
12:03 Horse Collar
20:00 Wheelbarrow
19:54 Stone Mining
21:06 Gold Mining
22:45 Bow Saw
23:48 Hand Cart
26:30 Fletching
27:17 Bodkin Arrow
28:01 Scale Barding Armor
28:07 Forging
28:58 Bloodlines
28:49 Husbandry
32:12 Imperial Age
29:36 Light Cavalry
30:41 Chain Barding Armor
31:08 Iron Casting
32:50 Heavy Scorpion
33:33 Double Crossbow
33:55 Bracer
34:56 Conscription
35:59 Blast Furnace
35:34 Plate Barding Armor
36:56 Padded Archer Armor
36:56 Scale Mail Armor
36:21 Hussar
39:29 Ballistics
40:42 Chemistry
40:01 Chain Mail Armor
40:01 Leather Archer Armor
43:24 Siege Engineers
43:54 Pikeman
45:33 Ring Archer Armor
48:13 Heavy Plow
56:42 Halberdier
58:10 Elite Skirmisher
Kori
10:11 Feudal Age
14:16 Castle Age
14:33 Double-Bit Axe
14:29 Horse Collar
15:48 Bow Saw
16:32 Heavy Plow
17:52 Loom
20:26 Wheelbarrow
21:18 Fortified Wall
22:21 Treadmill Crane
23:20 Hand Cart
23:33 Fletching
23:44 Padded Archer Armor
23:34 Town Watch
24:33 Bodkin Arrow
25:45 Gold Mining
26:16 Town Patrol
30:27 Imperial Age
28:32 Leather Archer Armor
29:38 Gold Shaft Mining
28:54 Stone Mining
29:38 Ballistics
34:27 Bracer
34:58 Ring Archer Armor
35:47 Conscription
37:19 Chemistry
36:25 Siege Engineers
35:56 Elite Camel Archer
37:46 Crop Rotation
39:56 Murder Holes
41:25 Maghrebi Camels
43:32 Guilds
47:44 Stone Shaft Mining
49:04 Thumb Ring
49:02 Husbandry
49:13 Bloodlines
49:32 Elite Genitour
サンテアゴ
11:28 Feudal Age
15:05 Castle Age
12:57 Double-Bit Axe
13:47 Horse Collar
14:06 Loom
15:52 Loom
17:46 Bow Saw
19:20 Fletching
20:33 Heavy Plow
21:44 Gold Mining
22:32 Stone Mining
30:53 Wheelbarrow
32:04 Ballistics
34:18 Masonry
38:16 Imperial Age
35:53 Bodkin Arrow
38:33 Hand Cart
38:38 Town Watch
39:58 Chemistry
39:22 Bracer
39:23 Padded Archer Armor
39:21 Murder Holes
39:36 Masonry
39:52 Conscription
39:35 Sitting Tiger
43:38 Elite Fire Archer
47:02 Stone Shaft Mining
47:07 Gold Shaft Mining
49:25 Town Patrol
57:40 Leather Archer Armor
57:28 Caravan
ImJoker
10:43 Feudal Age
14:41 Castle Age
12:42 Double-Bit Axe
22:27 Wheelbarrow
24:44 Hand Cart
26:39 Bow Saw
30:28 Imperial Age
30:19 Scale Barding Armor
30:24 Forging
30:57 Husbandry
30:30 Cavalier
31:15 Chivalry
31:36 Conscription
31:51 Chain Barding Armor
32:25 Iron Casting
33:27 Plate Barding Armor
32:40 Paladin
40:45 Blast Furnace
44:13 Padded Archer Armor
44:04 Fletching
45:14 Ballistics
45:58 Chemistry
45:25 Elite Skirmisher
46:44 Leather Archer Armor
46:24 Bodkin Arrow
48:44 Light Cavalry
medikinette
6:52 Loom
9:41 Feudal Age
16:34 Castle Age
14:47 Double-Bit Axe
23:29 Town Watch
24:20 Wheelbarrow
24:43 Horse Collar
26:23 Bloodlines
26:14 Husbandry
26:47 Scale Barding Armor
30:10 Imperial Age
27:52 Heavy Plow
28:11 Forging
28:34 Town Patrol
30:09 Hand Cart
30:27 Gambesons
30:42 Squires
30:25 Capped Ram
31:02 Elite Jarl
33:00 Crop Rotation
32:43 Bow Saw
32:31 Elite Varangian Guard
33:27 Scale Mail Armor
33:13 Cavalier
34:27 Padded Archer Armor
34:40 Gold Mining
35:20 Stone Mining
35:26 Siege Ram
40:21 Two-Man Saw
39:43 Chain Barding Armor
39:39 Chain Mail Armor
39:59 Iron Casting
39:15 Fletching
39:40 Leather Archer Armor
40:02 Stone Shaft Mining
42:10 Plate Barding Armor
42:05 Plate Mail Armor
42:29 Plate Mail Armor
49:06 Blast Furnace
48:01 Bodkin Arrow
48:36 Ring Archer Armor
49:11 Vendel Legacy
50:13 Conscription
50:58 Bracer
54:38 Caravan
55:08 Coinage
57:09 Light Cavalry
58:03 Hussar
Connection lost

Rejoining the realm…

Still unreachable

The connection could not be restored.

Session expired

The server has moved on; the page needs a fresh start.